 Dungeon Crawl Stone Soup version 0.27-a0-1500-g450c7e4133 (webtiles) character file.

Game seed: 10417468571534971380

378 hatdisgam the Sneak (level 6, -1/26 (30) HPs)
             Began as a Vine Stalker Brigand on July 8, 2021.
             Slain by a wight (7 damage)
             ... in an ossuary.
             The game lasted 00:05:03 (3029 turns).

hatdisgam the Sneak (Vine Stalker Brigand)          Turns: 3029, Time: 00:05:04

HP:   -1/26 (30)    AC: 10    Str: 17    XL:     6   Next: 74%
MP:   0/7           EV: 11    Int: 13    God:
Gold: 37            SH:  0    Dex: 19    Spells: 3/5 levels left

rFire    . . .     SeeInvis .   y - +5 hand axe of Shrieking Terror {protect, rC+ Str+4 Dex+3}
rCold    + . .     Faith    .   (no shield)
rNeg     . . .     Spirit   +   b - +0 robe
rPois    .         Reflect  .   (no helmet)
rElec    .         Harm     .   c - +0 cloak
rCorr    .         Rampage  .   (no gloves)
Will     .....                  (no boots)
Stlth    ++++......             (no amulet)
HPRegen  1.08/turn              k - ring of wizardry
MPRegen  0.10/turn              (no ring)

@: under a protective aura, heavily drained
A: fangs 2, regeneration 1, magic shield, antimagic bite, no potion heal 2
a: no special abilities


You were in an ossuary.
You visited 1 branch of the dungeon, and saw 4 of its levels.
You also visited: Ossuary.

You collected 197 gold pieces.
You spent 160 gold pieces at shops.

Inventory:

Hand Weapons
 a - a +2 dagger
 t - a +0 hunting sling
 y - the +5 hand axe of Shrieking Terror (weapon) {protect, rC+ Str+4 Dex+3}
   (You bought it in a shop on level 3 of the Dungeon)

   It grants its wielder temporary protection when it strikes (+7 to AC).
   Str:       It affects your strength (+4).
   Dex:       It affects your dexterity (+3).
   rC:        It protects you from cold.
Missiles
 d - 18 poisoned darts (quivered)
 e - 2 curare-tipped darts
 w - 5 boomerangs of dispersal
 z - a stone
Armour
 b - a +0 robe (worn)
 c - a +0 cloak (worn)
Jewellery
 k - a ring of wizardry (left hand)
Wands
 v - a wand of iceblast (6)
Scrolls
 h - 4 scrolls of identify {unknown}
 j - 3 scrolls of fear {unknown}
 l - 2 scrolls of teleportation {unknown}
 p - a scroll of blinking {unknown}
 r - 2 scrolls of amnesia {unknown}
 s - a scroll of noise {unknown}
 u - a scroll of immolation {unknown}
Potions
 f - a potion of haste {unknown}
 g - a potion of curing {unknown}
 i - 2 potions of lignification {unknown}
 m - 2 potions of might {unknown}
 n - a potion of cancellation {unknown}
 o - a potion of attraction {unknown}
 q - a potion of heal wounds {unknown}
 x - a potion of berserk rage {unknown}


   Skills:
 - Level 1.7 Fighting
 * Level 4.0 Short Blades
 + Level 3.0 Throwing
 - Level 0.7 Dodging
 + Level 6.9 Stealth
 + Level 2.2 Transmutations


You had 3 spell levels left.
You knew the following spells:

 Your Spells              Type           Power      Damage    Failure   Level
a - Wereblood             Tmut           5%         N/A       8%          2

Your spell library contained the following spells:

 Spells                   Type           Power      Damage    Failure   Level
 Sublimation of Blood     Necr           0%         N/A       19%         2
 Summon Hydra             Summ           0%         N/A       100%        7


Dungeon Overview and Level Annotations

Branches:
Dungeon (4/15)            Ossuary (1/1)
 Temple: D:4-7

Altars:
Wu Jian

Shops:
D:3 (


Innate Abilities, Weirdness & Mutations

You have extremely sharp teeth.
Your natural rate of healing is unusually fast.
When hurt, damage is shared between your health and your magic reserves.
Your bite disrupts and absorbs the magic of your enemies.
Potions cannot restore your health.


Message History

You hear the hiss of flowing sand.
There is an entrance to an ossuary on this level.
Hurry and find it before the portal is buried!
An adder and a goblin come into view.
Found a sand-covered staircase and a stone staircase leading down.
There is a stone staircase leading up here.
There is a sand-covered staircase here.
The world spins around you as you enter the gateway.
You enter an ossuary!
Found a gate leading back out of this place.
There is an empty arch of ancient stone here.
Unknown command.
There is an empty arch of ancient stone here.
You open the door.
There is an open door here.
You open the door.
A wight comes into view. It is wielding a +0 scimitar.
The wight hits you with a +0 scimitar!
You feel drained.
There is an open door, spattered with blood here.
You barely miss the wight. Your bite misses the wight. You hit the wight.
The wight is moderately damaged.
The wight hits you with a +0 scimitar!
You feel drained.
* * * LOW HITPOINT WARNING * * *
There is an open door, spattered with blood here.
Okay, then.
You feel stronger.
You feel agile.
The +5 hand axe of Shrieking Terror {protect, rC+ Str+4 Dex+3} hums with potential!
y - the +5 hand axe of Shrieking Terror (weapon)
{protect, rC+ Str+4 Dex+3} The wight hits you with a +0 scimitar.
* * * LOW HITPOINT WARNING * * *
You hit the wight.
Your weapon exudes an aura of protection.
Your bite misses the wight.
The wight is moderately damaged.
The wight hits you with a +0 scimitar.
* * * LOW HITPOINT WARNING * * *
You hit the wight but do no damage. You bite the wight, but do no damage.
The wight is moderately damaged.
The wight hits you with a +0 scimitar!
You die...

#### ## ####..## ##.
##......## #..
##.####...# ##..
#..#.#....##### ##..∩
#..........#..## ##....
#............#.###.....
##....@.....###...#...∩
##...z...#.# ######...
##.....#### ###.
##...## ## ##'### #
+.'.# #.### +.+ #.#


You could see a wight.

Vanquished Creatures
  Sigmund (D:2)
  An ogre (D:3)
  Ijyb (D:3)
  An orc wizard (D:3)
  2 adders
  A shadow imp (D:3)
  A dart slug (D:3)
  5 orcs (D:3)
  5 endoplasms
  A giant cockroach (D:3)
  7 goblins
  10 hobgoblins
  4 jackals (D:1)
  3 quokkas
  6 ball pythons
  5 bats
  2 frilled lizards
  5 kobolds
  4 rats
65 creatures vanquished.

Notes
Turn   | Place    | Note
-------+----------+-------------------------------------------
     0 | D:1      | hatdisgam the Vine Stalker Brigand began the quest for the
                  | Orb.
     0 | D:1      | Reached XP level 1. HP: 11/11 MP: 2/2
    54 | D:1      | Reached skill level 5 in Stealth
   156 | D:1      | Reached XP level 2. HP: 15/15 MP: 3/3
  1188 | D:2      | Reached XP level 3. HP: 18/18 MP: 4/4
  1228 | D:2      | Reached skill level 6 in Stealth
  1271 | D:2      | Learned a level 2 spell: Wereblood
  1442 | D:2      | Found an ornate altar of the Wu Jian Council.
  1887 | D:2      | Noticed Sigmund
  1892 | D:2      | Killed Sigmund
  1893 | D:2      | Reached skill level 1 in Transmutations
  1893 | D:2      | Gained mutation: Your natural rate of healing is unusually
                  | fast. [Vine Stalker growth]
  1893 | D:2      | Reached XP level 4. HP: 23/23 MP: 5/5
  1893 | D:2      | Reached XP level 5. HP: 26/26 MP: 6/6
  2117 | D:3      | Reached XP level 6. HP: 25/30 MP: 7/7
  2286 | D:3      | Found a faded altar of an unknown god.
  2293 | D:3      | Noticed Ijyb
  2300 | D:3      | Killed Ijyb
  2483 | D:3      | Found Cauhuh's Antique Weapon Boutique.
  2502 | D:3      | Bought a bloodstained hand axe for 160 gold pieces
  2502 | D:3      | Identified the +5 hand axe of Shrieking Terror {protect,
                  | rC+ Str+4 Dex+3} (You bought it in a shop on level 3 of the
                  | Dungeon)
  2976 | D:4      | Found a sand-covered staircase.
  2984 | Ossuary  | Entered an ossuary
  3029 | Ossuary  | Slain by a wight

Illustrated notes

Levels and vault maps discovered:
D:1:      dpeg_arrival_three_same_balls, layout_basic
D:2:      layout_basic, basic_altar, uniq_sigmund
D:3:      layout_loops_corners, shapermc_ecumenical_altar_totnotflames,
          serial_shops, shop, uniq_ijyb
D:4:      layout_basic, jmf_multi_god_temple2,
          lightli_ossuary_entry_decrepit_ruins
Ossuary:  ossuary_due_cavern

Skill      XL: |  1  2  3  4  5  6 |
---------------+-------------------+-----
Stealth        | 5 6 |  6.9
Short Blades   | 2 3 4 |  4.0
Throwing       | 2 3 |  3.0
Transmutations | 1 2 |  2.2
Fighting       | |  1.7
Dodging        | |  0.7

Action                   |  1- 3 |  4- 6 || total
-------------------------+-------+-------++-------
Melee: Dagger            |    74 |    81 ||   155
       Bite              |    16 |    26 ||    42
       Hand axe          |       |     2 ||     2
Throw: Dart              |       |     4 ||     4
 Stab: Sleeping          |    19 |     8 ||    27
Armor: Robe              |    17 |    11 ||    28
Dodge: Dodged            |    33 |    22 ||    55

Table legend: (Time is in decaauts)
 A = Elapsed time spent in this place.
 B = Non-inter-level travel time spent in this place.
 C = Inter-level travel time spent in this place.
 D = Time resting spent in this place.
 E = Time spent auto-exploring this place.
 F = Levels seen in this place.
 G = Mean time per level.
                   A        B        C        D        E       F      G
               +--------+--------+--------+--------+--------+-----+--------+
         Total |   3003 |   2865 |    138 |      0 |   2417 |   5 |  600.6 |
       Dungeon |   2959 |   2821 |    138 |      0 |   2384 |   4 |  739.8 |
       Ossuary |     44 |     44 |      0 |      0 |     33 |   1 |   44.0 |
               +--------+--------+--------+--------+--------+-----+--------+

Top non-repeatable levels by time:
     D:1: 1176 daAuts
     D:3: 926 daAuts
     D:2: 848 daAuts
 Ossuary: 44 daAuts
     D:4: 7 daAuts
